AoeStats
← Blaxpandarudaxie

Arena

507786005Analyzed
4v4 RM · 13d ago on Sep 19, 2026· 60m 27s· 8 players
Game mode
Random Map
Map size
Large (8 player)
Population
200
Speed
Normal
Resources
Standard
Victory
Conquest
Starting age
Dark Age
Ending age
Imperial Age
RankedLock teamsTeams togetherTeam positionsShared explorationLock speedFull tech treeHidden civsTurbo modeCheats
Victory
Defeat
🇺🇸 Saracens · United States
1174
+11
🇨🇿 Franks · Czechia
1136
+12
🇹🇼 Cumans · Taiwan
1119
+13
🇳🇱 Spanish · Netherlands
1104
+14
🇧🇷 Cumans · Brazil
1114
-14
🇧🇷 Romans · Brazil
1092
-14
🇧🇷 Teutons · Brazil
1067
-13
🇧🇷 Italians · Brazil
957
-9
h1kerb0i
11:23 Feudal Age
15:03 Castle Age
13:03 Horse Collar
14:11 Double-Bit Axe
22:22 Wheelbarrow
25:57 Scale Barding Armor
26:12 Forging
26:24 Bow Saw
27:01 Chain Barding Armor
29:37 Imperial Age
27:17 Stone Mining
27:25 Gold Mining
27:50 Loom
27:51 Town Watch
28:32 Bloodlines
28:58 Fletching
29:39 Ballistics
29:30 Masonry
30:49 Iron Casting
31:29 Plate Barding Armor
30:33 Elite Mameluke
31:25 Husbandry
33:14 Conscription
34:16 Counterweights
33:37 Onager
35:41 Blast Furnace
34:54 Bodkin Arrow
37:59 Siege Engineers
38:09 Bracer
38:54 Padded Archer Armor
41:00 Siege Onager
42:19 Leather Archer Armor
43:05 Elite Skirmisher
44:53 Counterweights
45:59 Hoardings
46:09 Ring Archer Armor
47:52 Capped Ram
oppppppfpppppp
12:06 Feudal Age
13:24 Double-Bit Axe
13:21 Horse Collar
21:06 Castle Age
20:02 Bloodlines
20:18 Scale Barding Armor
20:53 Forging
20:37 Gold Mining
23:56 Bow Saw
26:34 Stone Mining
27:20 Gold Shaft Mining
32:28 Imperial Age
38:42 Imperial Age
54:12 Heavy Plow
55:56 Two-Man Saw
55:18 Cavalier
58:41 Iron Casting
61:03 Chain Barding Armor
Blaxpandarudaxie
5:21 Loom
12:19 Feudal Age
12:43 Loom
13:30 Double-Bit Axe
16:36 Castle Age
15:03 Stone Mining
17:08 Wheelbarrow
17:10 Gold Mining
18:07 Bow Saw
21:21 Horse Collar
37:21 Scale Barding Armor
37:27 Forging
37:07 Fletching
38:23 Chain Barding Armor
41:19 Imperial Age
39:02 Heavy Plow
39:58 Husbandry
40:11 Bloodlines
39:24 Light Cavalry
40:44 Iron Casting
40:05 Bodkin Arrow
40:50 Stone Shaft Mining
42:40 Conscription
42:57 Plate Barding Armor
43:23 Blast Furnace
41:54 Cavalier
42:58 Bracer
42:25 Hussar
43:27 Hand Cart
44:23 Two-Man Saw
44:16 Paladin
45:30 Coinage
48:05 Pikeman
48:46 Squires
48:49 Scale Mail Armor
52:04 Halberdier
53:37 Chain Mail Armor
55:23 Plate Mail Armor
55:55 Chemistry
55:16 Ballistics
CzechNoris
10:39 Feudal Age
11:46 Loom
14:05 Double-Bit Axe
14:29 Fletching
22:36 Castle Age
21:04 Stone Mining
21:06 Gold Mining
26:12 Bow Saw
26:53 Wheelbarrow
26:04 Town Watch
27:03 Gold Shaft Mining
29:16 Scale Barding Armor
30:07 Forging
36:19 Iron Casting
38:48 Bodkin Arrow
41:01 Chain Barding Armor
41:11 Hand Cart
48:46 Imperial Age
46:18 Town Patrol
46:45 Ballistics
47:45 Husbandry
47:10 Elite Skirmisher
48:55 Padded Archer Armor
49:57 Leather Archer Armor
50:58 Chemistry
50:04 Siege Engineers
50:04 Guard Tower
50:12 Cavalier
51:59 Paladin
55:14 Scale Mail Armor
Longshanks
8:41 Feudal Age
9:11 Double-Bit Axe
19:26 Castle Age
18:36 Wheelbarrow
18:21 Town Watch
18:19 Horse Collar
19:44 Forging
20:13 Heavy Plow
20:25 Bow Saw
20:05 Capped Ram
21:32 Bloodlines
22:04 Scale Barding Armor
23:13 Iron Casting
23:27 Chain Barding Armor
36:46 Imperial Age
34:32 Hand Cart
34:17 Town Patrol
34:04 Loom
35:14 Masonry
36:41 Gold Mining
36:41 Stone Mining
36:45 Fletching
38:38 Blast Furnace
38:13 Plate Barding Armor
38:43 Two-Man Saw
38:13 Crop Rotation
37:13 Elite Steppe Lancer
39:31 Bodkin Arrow
40:13 Gold Shaft Mining
40:37 Scale Mail Armor
41:00 Conscription
40:48 Padded Archer Armor
42:26 Chain Mail Armor
42:11 Pikeman
42:51 Squires
42:37 Arson
42:47 Halberdier
44:15 Light Cavalry
45:25 Leather Archer Armor
45:43 Plate Mail Armor
45:34 Ballistics
46:24 Chemistry
48:43 Murder Holes
57:32 Caravan
58:35 Siege Ram
Caesar Galinacius
10:48 Feudal Age
15:41 Castle Age
14:02 Double-Bit Axe
14:21 Horse Collar
17:03 Wheelbarrow
17:23 Bow Saw
17:13 Loom
21:57 Town Watch
25:11 Gold Mining
30:24 Imperial Age
28:31 Stone Mining
29:29 Fortified Wall
32:12 Hand Cart
31:58 Town Patrol
33:14 Chemistry
31:59 Heavy Scorpion
33:30 Conscription
34:56 Forging
34:36 Fletching
34:47 Padded Archer Armor
34:59 Masonry
36:04 Ballistas
35:39 Capped Ram
36:27 Heavy Plow
37:01 Architecture
36:27 Murder Holes
37:05 Ballistics
36:43 Bodkin Arrow
37:04 Leather Archer Armor
37:24 Iron Casting
38:11 Siege Ram
38:57 Pikeman
39:37 Squires
42:23 Scale Barding Armor
42:54 Iron Casting
42:50 Ring Archer Armor
42:42 Cavalier
43:23 Husbandry
43:34 Bloodlines
43:58 Crop Rotation
43:27 Halberdier
45:36 Light Cavalry
46:36 Halberdier
46:37 Man-at-Arms
49:52 Halberdier
52:43 Man-at-Arms
53:58 Long Swordsman
Fiaboi_
6:27 Loom
9:11 Feudal Age
15:07 Fletching
18:26 Double-Bit Axe
20:25 Horse Collar
25:02 Castle Age
26:18 Wheelbarrow
29:33 Pikeman
29:59 Gambesons
30:37 Bow Saw
30:29 Heavy Plow
31:08 Fervor
31:20 Sanctity
33:01 Bodkin Arrow
33:10 Scale Mail Armor
33:21 Forging
34:30 Ballistics
35:20 Squires
35:05 Arson
35:40 Chain Mail Armor
36:06 Masonry
39:04 Imperial Age
36:31 Gold Mining
38:17 Iron Casting
40:56 Chemistry
40:58 Two-Man Saw
40:30 Crop Rotation
41:04 Blast Furnace
40:34 Plate Mail Armor
39:30 Halberdier
40:47 Town Watch
41:18 Hand Cart
42:53 Plate Mail Armor
44:52 Conscription
44:56 Block Printing
46:36 Siege Engineers
46:44 Masonry
46:45 Fortified Wall
51:29 Elite Teutonic Knight
53:51 Town Patrol
59:57 Ironclad
Sepulkiller
12:02 Feudal Age
15:40 Castle Age
14:54 Double-Bit Axe
14:53 Horse Collar
24:36 Loom
37:58 Wheelbarrow
40:53 Hand Cart
40:24 Town Watch
48:42 Light Cavalry
55:24 Heavy Plow
55:37 Bow Saw
61:53 Imperial Age
Connection lost

Rejoining the realm…

Still unreachable

The connection could not be restored.

Session expired

The server has moved on; the page needs a fresh start.